 Dungeon Crawl Stone Soup version 0.27.1-1-g398f81649c (webtiles) character file.

Game seed: 16896381768293118780

494 jlumianski the Covered (level 6, 0/54 (56) HPs)
             Began as a Deep Dwarf Fighter on Sept 18, 2021.
             Slain by a wight (4 damage)
             ... on level 6 of the Dungeon.
             The game lasted 00:11:11 (2459 turns).

jlumianski the Covered (Deep Dwarf Fighter)         Turns: 2459, Time: 00:11:11

HP:   0/54 (56)     AC:  8    Str: 21    XL:     6   Next: 92%
MP:   5/5           EV: 12    Int:  9    God:
Gold: 163           SH:  9    Dex: 12    Spells: 5/5 levels left

rFire    . . .     SeeInvis .   f - +2 short sword (elec)
rCold    . . .     Faith    .   c - +0 kite shield
rNeg     . . .     Spirit   .   b - +0 scale mail
rPois    .         Reflect  .   (no helmet)
rElec    .         Harm     .   (no cloak)
rCorr    .         Rampage  .   e - +0 pair of gloves
Will     .....                  (no boots)
Stlth    ..........             s - amulet of magic regeneration
HPRegen  0.00/turn              h - +4 ring of evasion
MPRegen  0.34/turn              (no ring)

@: lightly drained
A: damage resistance, heal wounds, sense surroundings 1, no regeneration
a: Heal Wounds


You were on level 6 of the Dungeon.
You visited 1 branch of the dungeon, and saw 6 of its levels.

You collected 163 gold pieces.

Inventory:

Hand Weapons
 a - a +0 war axe
 f - a +2 short sword of electrocution (weapon)
Missiles
 i - 67 stones (quivered)
 j - 18 bolts
 t - 13 sling bullets
Armour
 b - a +0 scale mail (worn)
 c - a +0 kite shield (worn)
 e - a +0 pair of gloves (worn)
Magical Staves
 q - a staff of cold
Jewellery
 h - a +4 ring of evasion (left hand)
 o - an amulet of faith
 s - an amulet of magic regeneration (around neck)
Scrolls
 g - 2 scrolls of immolation
 n - a scroll of amnesia
 p - a scroll of fog
Potions
 d - a potion of might
 k - 2 potions of flight
 l - a potion of degeneration
 m - 2 potions of curing
 r - 2 potions of haste {unknown}


   Skills:
 + Level 3.6 Fighting
 * Level 4.1 Short Blades
 - Level 2.1 Axes
 + Level 0.9 Throwing
 + Level 5.0 Armour
 + Level 1.2 Dodging
 + Level 0.3 Stealth
 + Level 4.3 Shields


You had 5 spell levels left.
You didn't know any spells.
Your spell library contained the following spells:

 Spells                   Type           Power      Damage    Failure   Level
 Slow                     Hex            0%         N/A       99%         2
 Confusing Touch          Hex            0%         N/A       100%        3
 Vampiric Draining        Necr           0%         2d6       100%        3
 Yara's Violent Unravell  Hex/Tmut       0%         3d3       100%        5


Dungeon Overview and Level Annotations

Branches:
Dungeon (6/15)             Temple (0/1) D:6

Altars:
Trog


Innate Abilities, Weirdness & Mutations

You are resistant to damage.
You can heal yourself by infusing magical energy.
You passively map a small area around you.
You do not regenerate.


Message History

There is a stone staircase leading up, spattered with blood here.
You see here a +0 short sword.
You climb upwards.
You block the orc's attack.
There is a stone staircase leading down here.
You block the orc's attack.
You climb downwards.
There is a stone staircase leading up, spattered with blood here.
You see here a +0 short sword.
You hit the orc.
The orc is almost dead.
The orc hits you with a +0 war axe.
* * * LOW HITPOINT WARNING * * *
You closely miss the orc.
The orc is almost dead.
You block the orc's attack. The orc hits you but does no damage.
Okay, then.
Unknown command.
You fail to use your ability.
You block the orc's attack.
You hit the orc. Lightning courses through the orc!
You kill the orc!
You see here a +0 war axe.
A wight comes into view. It is wielding a +4 halberd.
Throw: 70 stones
Press: ? - help, Q - select action, (/) - cycle Shift-Dir - straight line, f - wight
Aim: a wight, wielding a +4 halberd and wearing a +0 robe (57% to hit)
You throw a stone.
The stone hits the wight but does no damage.
Throw: 69 stones
Press: ? - help, Q - select action, (/) - cycle Shift-Dir - straight line, f/p - wight
Aim: a wight, wielding a +4 halberd and wearing a +0 robe (57% to hit)
You throw a stone.
The stone hits the wight but does no damage.
Throw: 68 stones
Press: ? - help, Q - select action, (/) - cycle Shift-Dir - straight line, f/p - wight
Aim: a wight, wielding a +4 halberd and wearing a +0 robe (57% to hit)
You throw a stone. The stone closely misses the wight.
The wight hits you from afar with a +4 halberd!
* * * LOW HITPOINT WARNING * * *
You feel drained.
You die...

,,,* **,,....................,,,
,,,** *,,,......(....)........,,,
,,,,***,,###.........)<.......,**
,,,,,,,,,......(.............#***
,,,,,,,,,......(.............# *
,,,,,,,,,....................# *
,,,,,,,,,**#....z............# **
,,,,,,,,***#.............>...# *,
,,,,,,,** #..##.@............#**,
,,,,,,,* *#.**#..(...........#*,,
,,,,,,,***,,* ##..............,,,
,,,,,,,**,,,* ##..........,,,,,,
,,,,,,,,,,,,** ##........,*,,,,,
,,,,,,,,***,,* **.....##*,,,,,,,
,,,,,,,,,***,** *,......,,,,,***,
,,,,,,,,,* *,,***,......,,,*****,
,,,,,,,,,****,,**,,,,****,,,,,,,,


You could see a wight.

Vanquished Creatures
  Grinder (D:3)
  Menkaure (D:5)
  An orc priest (D:3)
  A centaur skeleton (D:5)
  Natasha (D:1)
  A gnoll (D:1)
  2 adders (D:2)
  2 worms (D:2)
  A dart slug (D:2)
  11 orcs
  3 bats
  5 endoplasms
  A giant cockroach (D:2)
  A goblin (D:2)
  6 hobgoblins
  7 ball pythons
  7 frilled lizards
  4 kobolds
  3 rats
59 creatures vanquished.

Vanquished Creatures (others)
  3 plants (D:2)
3 creatures vanquished.

Grand Total: 62 creatures vanquished

Notes
Turn   | Place    | Note
-------+----------+-------------------------------------------
     0 | D:1      | jlumianski the Deep Dwarf Fighter began the quest for the
                  | Orb.
     0 | D:1      | Reached XP level 1. HP: 20/20 MP: 1/1
   207 | D:1      | Reached XP level 2. HP: 12/28 MP: 2/2
   779 | D:2      | Found a faded altar of an unknown god.
   877 | D:2      | Reached XP level 3. HP: 26/34 MP: 3/3
  1011 | D:2      | Found a bloodstained altar of Trog.
  1085 | D:2      | Noticed Natasha
  1096 | D:2      | Reached skill level 1 in Short Blades
  1101 | D:1      | Killed Natasha
  1102 | D:1      | Reached XP level 4. HP: 39/42 MP: 4/4
  1500 | D:2      | Reached skill level 4 in Armour
  1891 | D:3      | Noticed Grinder
  1902 | D:3      | Killed Grinder
  1903 | D:3      | Reached skill level 1 in Dodging
  1903 | D:3      | Reached XP level 5. HP: 40/49 MP: 4/4
  1903 | D:3      | Reached XP level 6. HP: 46/56 MP: 5/5
  2251 | D:3      | You fall into a shaft and drop 3 floors!
  2328 | D:5      | Entered Level 5 of the Dungeon
  2328 | D:5      | Noticed Menkaure
  2348 | D:5      | Killed Menkaure
  2349 | D:5      | Reached skill level 5 in Armour
  2459 | D:6      | Slain by a wight

Illustrated notes

Levels and vault maps discovered:
D:1:      sevenhm_arrival_forest_fort_small_5, layout_basic
D:2:      cheibrodos_old_hovel, layout_basic, basic_altar,
          hellmonk_ecumenical_altar_slurped_away, uniq_natasha
D:3:      layout_loops_corners, serial_glass, glass_columns_a, glass_columns_a,
          uniq_grinder
D:4:      minmay_evil_eye, layout_loops_corners
D:5:      layout_rooms, amcnicky_altar_gilded, mrwooster_statue_mirror,
          corexii_hall_statues_i, item_on_display_a, uniq_edmund, uniq_menkaure
D:6:      layout_layer_cave, minmay_temple_entry_wispy

Skill      XL: |  1  2  3  4  5  6 |
---------------+-------------------+-----
Fighting       | 3 |  3.6
Short Blades   | 1 3 4 |  4.1
Armour         | 4 5 |  5.0
Dodging        | 1 |  1.2
Shields        | 4 |  4.3
Axes           | |  2.1
Throwing       | |  0.9
Stealth        | |  0.3

Action                   |  1- 3 |  4- 6 || total
-------------------------+-------+-------++-------
Melee: War axe           |    11 |       ||    11
       Short sword       |    61 |    70 ||   131
Throw: Stone             |     1 |    22 ||    23
 Abil: Heal Wounds       |     2 |     1 ||     3
  Use: Scroll            |     4 |     4 ||     8
Armor: Scale mail        |    14 |    22 ||    36
Dodge: Dodged            |    18 |    19 ||    37
Block: Kite shield       |    38 |    29 ||    67
